Map: Bastion of the Conclave

Players

Buttpicker - Winner!

  • Race: Terran Terran
  • Spawn Location: 0:00

Leviathan - Winner!

  • Race: Zerg Zerg
  • Spawn Location: 12:00

magik - Winner!

  • Race: Protoss Protoss
  • Spawn Location: 12:00

SmegHead

  • Race: Protoss Protoss
  • League: Silver
  • Spawn Location: 6:00

Martuyahuu

  • Race: Protoss Protoss
  • Spawn Location: 6:00

Metasapien

  • Race: Zerg Zerg
  • League: Platinum
  • Spawn Location: 6:00

VOD

Have the link to the VOD?

Description

Time

  • Played on: Sept. 23, 2017, 6:11 p.m.
  • Length: 12:13
Show
View Real Time Build Order
Export as new Build Order

Buttpicker Terran - Winner!

Build Orders:  

Get SALT Encoding   

  12  0:05  SCV  
  13  0:17  SCV  
  14  0:29  SCV  
  14  0:30  Supply Depot  
  14  0:32  Refinery  
  15  0:37  Refinery  
  15  0:56  Barracks  
  15  1:07  Barracks  
  15  1:24  Barracks  
  15  1:48  Orbital Command  
  15  1:59  Barracks Reactor  
  15  2:12  Barracks Reactor  
  15  2:14  Barracks Reactor  
  15  2:34  Supply Depot  
  15  2:49  Reaper x2  
  15  2:50  Reaper  
  15  2:51  Reaper  
  19  2:55  SCV  
  20  2:58  Reaper  
  20  2:59  Reaper  
  22  3:07  SCV  
  23  3:21  Reaper x2  
  23  3:23  Reaper x2  
  27  3:30  Reaper  
  28  3:42  Reaper  
  29  3:51  Supply Depot  
  29  3:52  SCV  
  29  3:53  Reaper  
  31  4:12  SCV, Reaper  
  29  4:58  Reaper x2  
  29  4:59  Reaper x4  
  34  5:08  Barracks  
  31  5:30  Reaper  
  31  5:31  Reaper  
  29  5:53  Reaper x2  
  29  5:54  Reaper x2  
  33  6:03  Reaper x2  
  35  6:11  Reaper  
  36  6:15  Barracks  
  32  6:40  Reaper x2  
  32  6:41  Reaper x2  
  36  6:52  Supply Depot  
  36  7:02  Barracks Tech Lab  
  36  7:05  Barracks Reactor  
  36  7:07  Reaper  
  37  7:15  Supply Depot  
  31  9:26  Reaper  
  31  9:27  Reaper x6  
  31  9:28  Reaper x2  
  40  9:50  Supply Depot  
  40  9:58  Reaper  
  40  9:59  Factory, Reaper x5  
  46  10:13  Supply Depot  
Show
View Real Time Build Order
Export as new Build Order

Leviathan Zerg - Winner!

Build Orders: Pool First, Swarm Host 

Get SALT Encoding   

  12  0:05  Drone  
  13  0:25  Spawning Pool  
  12  0:38  Drone  
  12  0:39  Drone  
  12  0:40  Overlord  
  14  1:00  Extractor  
  13  1:21  Drone x3  
  16  1:31  Hatchery  
  15  1:36  Queen  
  17  1:45  Drone x2  
  19  1:54  Overlord  
  19  2:16  Metabolic Boost  
  19  2:21  Extractor  
  18  2:33  Evolution Chamber  
  18  2:40  Spore Crawler  
  18  2:41  Drone x3  
  20  2:53  Drone, Queen  
  23  3:04  Lair  
  23  3:11  Drone x2  
  25  3:15  Extractor  
  25  3:19  Drone x2  
  27  3:20  Drone x2  
  28  3:27  Overlord  
  28  3:39  Drone x3  
  31  3:57  Drone x2  
  31  3:58  Drone  
  31  4:01  Spore Crawler  
  33  4:08  Infestation Pit  
  32  4:23  Nydus Network  
  31  4:36  Spine Crawler x2  
  31  4:37  Drone x4  
  31  4:38  Drone x2  
  35  4:52  Swarm Host x2  
  41  5:02  Swarm Host  
  41  5:04  Overlord  
  44  5:14  Overlord  
  44  5:20  Evolution Chamber  
  43  5:27  Swarm Host x3  
  52  5:38  Extractor  
  51  5:45  Nydus Canal  
  51  5:50  Swarm Host x3  
  60  5:58  Zerg Missile Weapons Level 1  
  60  6:18  Nydus Canal  
  60  6:28  Overlord x3  
  60  6:39  Pneumatized Carapace  
  60  6:45  Nydus Canal  
  60  6:53  Overlord x2  
  60  6:54  Overlord x3  
  60  7:11  Overlord  
  60  7:12  Overlord x2  
  60  7:23  Nydus Canal  
  60  7:55  Nydus Canal  
  60  8:02  Drone x2  
  60  8:03  Drone x3  
  65  8:44  Spire  
  65  8:45  Zerg Ground Armor Level 1  
  64  8:49  Nydus Canal  
  64  9:03  Nydus Canal  
  64  9:41  Overlord  
  64  9:42  Overlord x2  
  64  9:47  Evolution Chamber  
  63  9:58  Zerg Flyer Weapons Level 1  
  63  10:28  Hive  
  63  10:29  Corruptor x2  
  63  10:30  Corruptor x4  
  75  10:36  Nydus Canal  
  75  10:49  Evolution Chamber  
Show
View Real Time Build Order
Export as new Build Order

magik Protoss - Winner!

Build Orders: Nexus First 

Get SALT Encoding   

  12  0:03  Probe (Chrono Boost)  
  13  0:14  Probe (Chrono Boost)  
  14  0:24  Probe (Chrono Boost)  
  15  0:47  Nexus  
  15  0:59  Pylon  
  15  1:20  Gateway  
  15  1:36  Probe (Chrono Boost)  
  16  1:41  Assimilator  
  16  1:46  Probe (Chrono Boost)  
  17  1:57  Probe (Chrono Boost)  
  17  2:00  Probe (Chrono Boost)  
  19  2:06  Pylon  
  19  2:07  Probe (Chrono Boost)  
  20  2:10  Probe (Chrono Boost)  
  21  2:16  Cybernetics Core  
  21  2:18  Probe (Chrono Boost)  
  21  2:21  Probe (Chrono Boost)  
  23  2:28  Probe (Chrono Boost)  
  24  2:31  Probe (Chrono Boost)  
  24  2:32  Assimilator  
  25  2:39  Probe (Chrono Boost)  
  25  2:42  Probe (Chrono Boost)  
  27  2:50  Probe (Chrono Boost)  
  28  2:53  Probe (Chrono Boost)  
  29  3:00  Probe (Chrono Boost)  
  29  3:03  Stargate  
  30  3:09  Probe (Chrono Boost)  
  30  3:11  Probe (Chrono Boost)  
  32  3:19  Probe (Chrono Boost)  
  33  3:20  Pylon  
  33  3:21  Probe (Chrono Boost)  
  34  3:30  Probe (Chrono Boost)  
  34  3:32  Probe (Chrono Boost)  
  36  3:35  Stargate  
  36  3:40  Probe (Chrono Boost)  
  37  3:41  Assimilator  
  37  3:42  Probe (Chrono Boost)  
  37  3:45  Assimilator  
  38  3:51  Probe (Chrono Boost)  
  38  3:53  Probe (Chrono Boost)  
  40  3:56  Void Ray (Chrono Boost)  
  40  4:02  Probe (Chrono Boost)  
  45  4:23  Void Ray (Chrono Boost)  
  49  4:39  Mothership Core  
  51  4:47  Forge  
  51  4:54  Oracle (Chrono Boost)  
  54  5:18  Pylon  
  54  5:21  Pylon  
  54  5:23  Pylon  
  54  5:36  Void Ray x2 (Chrono Boost)  
  62  5:44  Photon Cannon  
  62  5:47  Photon Cannon  
  62  5:49  Photon Cannon  
  62  6:23  Nexus  
  62  6:45  Assimilator  
  62  6:47  Probe x2  
  63  6:49  Assimilator  
  64  6:54  Robotics Facility  
  64  6:56  Robotics Facility  
  64  6:59  Probe x2  
  66  7:05  Cybernetics Core  
  66  7:09  Protoss Air Weapons Level 1  
  66  7:10  Pylon  
  66  7:11  Probe x2  
  66  7:13  Pylon  
  68  7:23  Probe x2  
  68  7:26  Pylon  
  68  7:27  Pylon  
  70  7:35  Probe x2  
  72  7:47  Probe x2  
  72  7:50  Probe  
  75  7:59  Probe x2  
  75  8:01  Probe  
  78  8:11  Probe x2  
  78  8:12  Probe  
  81  8:22  Probe  
  81  8:23  Probe  
  81  8:24  Probe  
  84  8:32  Probe  
  84  8:33  Fleet Beacon  
  84  8:36  Probe x2, Stargate  
  84  8:38  Stargate  
  84  8:41  Warp Prism x2  
  87  8:43  Probe, Stargate  
  87  8:45  Stargate  
  87  8:48  Probe x2  
  94  8:53  Probe  
  95  8:56  Protoss Air Armor Level 1  
  95  9:00  Probe x2  
  97  9:04  Probe  
  98  9:12  Probe x2  
  98  9:14  Probe  
  101  9:24  Probe x2  
  101  9:25  Probe  
  104  9:36  Probe x3  
  107  9:46  Probe  
  107  9:48  Probe x2  
  107  9:50  Carrier x2 (Chrono Boost)  
  122  9:55  Pylon  
  122  9:57  Probe, Pylon  
  122  9:59  Pylon  
  123  10:00  Probe x2  
  123  10:01  Pylon  
  123  10:03  Pylon  
  125  10:07  Nexus  
  125  10:10  Nexus  
  125  10:13  Probe  
  150  10:26  Carrier (Chrono Boost)  
  150  10:27  Carrier (Chrono Boost)  
  150  10:30  Carrier (Chrono Boost)  
  150  10:31  Carrier (Chrono Boost)  
  150  10:35  Assimilator  
  150  10:41  Assimilator  
  150  10:42  Probe  
  150  10:43  Probe x2  
  153  10:51  Pylon  
  153  10:52  Probe, Assimilator  
  153  10:53  Pylon x3  
  153  10:55  Probe x2  
  153  10:56  Pylon  
  156  10:57  Assimilator  
  156  10:58  Pylon  
  156  11:00  Pylon  
  156  11:01  Pylon  
  156  11:03  Probe  
  156  11:07  Probe x2  
Show
View Real Time Build Order
Export as new Build Order

SmegHead Protoss 

Build Orders:  

Get SALT Encoding   

  12  0:02  Probe (Chrono Boost)  
  14  0:14  Probe (Chrono Boost)  
  14  0:23  Pylon  
  14  0:25  Probe (Chrono Boost)  
  15  0:41  Probe (Chrono Boost)  
  16  0:44  Gateway  
  16  0:52  Probe (Chrono Boost)  
  17  0:58  Gateway  
  17  1:02  Probe (Chrono Boost)  
  18  1:04  Assimilator  
  18  1:10  Assimilator  
  18  1:16  Pylon  
  18  1:20  Probe (Chrono Boost)  
  19  1:31  Probe (Chrono Boost)  
  20  1:39  Cybernetics Core  
  20  1:42  Probe (Chrono Boost)  
  21  1:52  Probe (Chrono Boost)  
  22  2:00  Gateway  
  22  2:03  Probe (Chrono Boost)  
  23  2:21  Adept x2  
  27  2:22  Warp Gate  
  27  3:03  Adept x2  
  31  3:19  Twilight Council  
  31  3:34  Pylon  
  31  3:39  Pylon  
  31  3:41  Pylon  
  31  3:52  Adept x3  
  31  3:55  Resonating Glaives (Chrono Boost)  
  37  4:02  Robotics Facility  
  37  4:06  Forge  
  37  4:12  Pylon  
  37  4:19  Adept  
  39  5:04  Adept  
  39  5:05  Adept x2  
  45  5:13  Warp Prism  
  47  5:32  Adept x3  
  53  5:59  Adept x2  
Show
View Real Time Build Order
Export as new Build Order

Martuyahuu Protoss 

Build Orders: Mass Adepts 

Get SALT Encoding   

  12  0:01  Probe (Chrono Boost)  
  13  0:12  Probe (Chrono Boost)  
  14  0:21  Pylon  
  14  0:23  Probe (Chrono Boost)  
  15  0:39  Probe (Chrono Boost)  
  15  0:42  Gateway  
  16  0:50  Probe (Chrono Boost), Assimilator  
  17  1:00  Probe (Chrono Boost)  
  18  1:07  Gateway  
  19  1:11  Probe (Chrono Boost)  
  19  1:21  Probe (Chrono Boost)  
  20  1:26  Pylon  
  20  1:32  Cybernetics Core  
  20  1:35  Probe (Chrono Boost)  
  20  1:39  Assimilator  
  21  1:47  Probe (Chrono Boost)  
  22  1:58  Gateway  
  22  2:00  Probe (Chrono Boost)  
  23  2:10  Warp Gate (Chrono Boost)  
  23  2:12  Adept x2  
  27  2:18  Pylon  
  27  2:24  Probe (Chrono Boost)  
  28  2:39  Adept x2  
  28  2:41  Pylon  
  32  2:49  Adept  
  34  3:01  Gateway  
  34  3:03  Probe  
  35  3:24  Pylon  
  35  3:29  Adept  
  35  3:30  Adept  
  35  3:31  Adept  
  41  3:36  Probe  
  41  3:40  Pylon  
  39  4:22  Adept x4  
  44  5:00  Pylon  
  44  5:02  Pylon  
  43  5:46  Nexus  
  43  5:54  Probe  
  44  6:06  Probe  
  45  6:12  Stargate  
  45  6:18  Probe  
  23  6:57  Pylon  
  23  7:09  Probe  
  24  7:20  Probe  
  25  7:31  Probe  
  26  7:41  Probe  
  27  7:52  Probe  
  19  8:08  Probe  
  19  8:09  Probe  
  13  8:19  Probe  
  13  8:21  Probe  
  15  8:29  Probe  
  15  8:33  Probe  
  17  8:40  Probe  
  17  8:45  Probe  
  19  8:50  Probe  
  20  8:57  Probe  
  21  9:09  Stalker x3  
  22  9:10  Probe, Stalker  
  22  9:20  Probe  
  23  9:31  Probe  
  24  9:41  Probe  
  24  9:44  Stalker x2  
  24  9:45  Stalker x2  
  33  9:51  Pylon  
  33  9:52  Probe  
  33  9:53  Pylon  
  33  9:55  Pylon  
  33  9:57  Assimilator  
  34  10:01  Assimilator  
  34  10:02  Probe  
  35  10:13  Probe  
  36  10:23  Probe  
  35  10:34  Probe  
  25  10:39  Stalker  
  25  10:40  Stalker x3  
  34  11:39  Stalker  
  36  11:43  Probe, Stalker x3  
  43  11:54  Probe  
Show
View Real Time Build Order
Export as new Build Order

Metasapien Zerg 

Build Orders: Hatch First 

Get SALT Encoding   

  12  0:01  Drone  
  13  0:35  Drone  
  14  0:41  Hatchery  
  13  0:45  Overlord  
  13  0:56  Drone  
  14  1:05  Spawning Pool  
  14  1:08  Drone  
  14  1:12  Drone  
  14  1:17  Extractor  
  14  1:18  Drone  
  14  1:23  Drone  
  16  1:32  Drone  
  17  1:41  Drone  
  18  1:57  Drone  
  18  1:58  Hatchery  
  18  2:02  Drone  
  18  2:05  Drone  
  20  2:14  Overlord  
  20  2:18  Drone  
  20  2:22  Metabolic Boost  
  21  2:26  Drone  
  21  2:28  Drone  
  23  2:38  Queen  
  23  2:41  Drone  
  26  2:49  Queen  
  28  2:55  Drone x2  
  28  2:58  Drone  
  31  3:01  Drone  
  31  3:02  Drone  
  33  3:12  Roach Warren  
  32  3:15  Overlord  
  32  3:25  Extractor  
  32  3:26  Zergling x4  
  33  3:35  Overlord x2  
  33  3:37  Zergling x4  
  33  3:38  Zergling x2  
  33  3:40  Zergling x2  
  37  3:47  Queen  
  39  3:50  Drone  
  40  3:58  Drone  
  40  3:59  Drone x2  
  40  4:00  Drone  
  44  4:04  Zergling x4  
  44  4:08  Overlord  
  46  4:19  Lair  
  46  4:21  Zergling x6  
  49  4:25  Roach  
  49  4:27  Zergling x2  
  52  4:52  Zergling x2  
  52  4:53  Zergling x4, Roach x2  
  52  4:54  Zergling x14  
  52  4:59  Drone x2  
  67  5:05  Drone  
  65  5:09  Zergling x6  
  65  5:10  Zergling x2  
  69  5:23  Spore Crawler  
  69  5:25  Drone x2  
  69  5:27  Spore Crawler  
  69  5:32  Hydralisk Den  
  69  5:34  Drone  
  69  5:35  Drone x3  
  72  5:36  Drone  
  72  5:37  Drone  
  72  5:42  Overlord  
  74  5:44  Overlord  
  74  5:47  Extractor  
  74  5:49  Drone  
  74  5:50  Extractor  
  74  5:53  Spore Crawler  
  74  5:55  Drone  
  74  5:56  Drone  
  74  6:00  Drone x3  
  74  6:01  Drone  
  78  6:19  Hydralisk  
  78  6:20  Roach x3, Hydralisk x2  
  78  6:22  Overlord  
  85  6:28  Extractor  
  85  6:29  Drone x3  
  85  6:30  Extractor  
  85  6:31  Drone  
  85  6:32  Drone x3  
  89  6:38  Burrow  
  89  6:39  Queen x2, Hydralisk  
  89  6:40  Roach  
  89  6:41  Overlord x3  
  89  6:42  Overlord  
  97  7:15  Queen x2  
  101  7:32  Roach, Hydralisk x5  
  101  7:33  Hydralisk, Roach x6  
  120  7:47  Overseer x2  
  120  7:48  Overseer, Hydralisk  
  120  7:49  Queen, Roach, Hydralisk  
  127  8:20  Drone  
  127  8:21  Drone x2  
  127  8:22  Drone  
  127  8:23  Overlord x2, Drone  
  112  8:37  Hydralisk  
  112  8:38  Roach, Hydralisk x2  
  112  8:39  Overlord x3  
  120  8:49  Drone x2  
  120  8:52  Drone x3  
  120  8:54  Queen  
  120  8:55  Hydralisk x2  
  122  8:57  Roach, Hydralisk x2  
  122  8:58  Roach x2  
  136  9:03  Zergling x2  
  136  9:04  Zergling x4  
  139  9:16  Drone  
  140  9:17  Drone  
  140  9:21  Drone  
  133  9:33  Drone  
  133  9:34  Drone  
  114  10:02  Roach, Hydralisk x5  
  114  10:03  Roach x5  
  136  10:11  Roach  
  136  10:12  Glial Reconstitution  
  132  10:15  Muscular Augments  
  132  10:19  Drone  
  121  10:23  Drone x2  
  121  10:25  Queen  
  118  10:35  Evolution Chamber  
  117  10:38  Evolution Chamber  
  115  10:51  Hydralisk x2  
  115  10:52  Roach x3, Hydralisk x5  
  115  10:53  Roach x2  
  132  11:06  Zergling x4  
  132  11:07  Zergling x6  
  135  11:12  Lair  
  131  11:25  Hydralisk x2  
  131  11:26  Roach x2  
  131  11:30  Queen  
Tags
 
Add a new tag
Caveats
  • Supply blocks, unpowered buildings, or Contaminate may cause inaccurate times.
  • Supply counts are checked every 10 seconds.